 Dungeon Crawl Stone Soup version 0.23.0 (webtiles) character file.

Game seed: 7178969873336155081

10340 Monsterracer the Cleaver (level 11, -3/97 HPs)
             Began as a Hill Orc Gladiator on Feb 8, 2019.
             Was an Elder of Yredelemnul.
             Slain by a bog body (12 damage)
             ... on level 2 of the Lair of Beasts.
             The game lasted 00:20:18 (12372 turns).

Monsterracer the Cleaver (Hill Orc Gladiator)      Turns: 12372, Time: 00:20:19

Health: -3/97      AC: 19    Str: 21    XL:     11   Next: 60%
Magic:  26/26      EV:  9    Int:  8    God:    Yredelemnul [****..]
Gold:   273        SH:  0    Dex: 12    Spells: 10/10 levels left

rFire    . . .     SeeInvis .   a - +2 battleaxe (flame) (curse)
rCold    . . .     Gourm    .   (shield currently unavailable)
rNeg     . . .     Faith    +   n - +0 chain mail
rPois    .         Spirit   .   g - +1 helmet
rElec    .         Reflect  .   z - +0 cloak {+Inv}
rCorr    .         Harm     .   (no gloves)
MR       .....                  l - +1 pair of boots
Stlth    ..........             E - amulet of faith
HPRegen  0.26/turn              p - +3 ring of protection
MPRegen  0.20/turn              q - ring of magical power

@: no status effects
A: no striking features
a: Recall Undead Slaves, Injury Mirror, Animate Dead, Drain Life, Renounce
Religion, Evoke Invisibility


You were on level 2 of the Lair of Beasts.
You worshipped Yredelemnul.
Yredelemnul was greatly pleased with you.
You were near starving.

You visited 3 branches of the dungeon, and saw 13 of its levels.

You collected 691 gold pieces.
You spent 418 gold pieces at shops.

Inventory:

Hand Weapons
 a - a cursed +2 battleaxe of flaming (weapon)
 b - a +3 mace of protection
 C - a +0 war axe
Missiles
 d - 6 throwing nets (quivered) {!f}
Armour
 g - a +1 helmet (worn)
 l - a +1 pair of boots (worn)
 n - a +0 chain mail (worn)
 y - a +0 shield
 z - a +0 cloak of invisibility (worn)
 F - a scarf of resistance
Jewellery
 p - a +3 ring of protection (left hand)
 q - a ring of magical power (right hand)
 E - an amulet of faith (around neck)
Wands
 e - a wand of polymorph (10)
 h - a wand of scattershot (3)
 s - a wand of paralysis (8)
Scrolls
 f - a scroll of identify
 m - a scroll of magic mapping
 o - 2 scrolls of amnesia
 r - 2 scrolls of remove curse
 t - 6 scrolls of teleportation {!r}
 x - a scroll of silence
 B - a scroll of fog
 D - a scroll of fear {!r}
 X - a scroll of blinking
Potions
 i - 3 potions of agility
 j - 3 potions of haste
 k - 5 potions of lignification
 u - 2 potions of resistance
 v - 2 potions of flight
 w - a potion of magic
 A - 2 potions of ambrosia {!q}
Comestibles
 c - 23 rations


   Skills:
 + Level 9.3 Fighting
 * Level 13.8 Axes
 - Level 1.7 Throwing
 + Level 7.9 Armour
 - Level 2.4 Dodging
 - Level 7.9 Shields
 + Level 9.0 Invocations


You had 10 spell levels left.
You didn't know any spells.
Your spell library contained the following spells:

 Spells                   Type           Power        Failure   Level  Hunger
 Animate Skeleton         Necr           N/A          97%         1    ##.....
 Pain                     Necr           #...         97%         1    ##.....
 Regeneration             Chrm/Necr      #.........   100%        3    ####...
 Vampiric Draining        Necr           #.........   100%        3    ####...
 Animate Dead             Necr           N/A          100%        4    #####..


Dungeon Overview and Level Annotations

Branches:
Dungeon (10/15)            Temple (1/1) D:4            Lair (2/6) D:9
 Spider (0/4) Lair:2
  Swamp: Lair:2-4    Shoals: Lair:2-4       Orc: D:9-12

Altars:
Ashenzari
Cheibriados
Dithmenos
Elyvilon
Fedhas
Gozag
Hepliaklqana
Kikubaaqudgha
Makhleb
Nemelex Xobeh
Okawaru
Qazlal
Ru
Sif Muna
Trog
Uskayaw
Vehumet
Wu Jian
Xom
Yredelemnul
Zin
The Shining One
Beogh

Shops:
D:6 ((}=?

Annotations:
D:4 Sigmund
D:7 1 runed translucent door


Message History

You take 1 damage, and have 16/97 hp.
Take off which item? (? for menu, Esc to quit)
You start removing your armour.
You continue taking off your +0 shield.
You feel sick.
You continue taking off your +0 shield.
You feel sick.
You continue taking off your +0 shield.
You hear the steady crackling of a very distant melting archway.
You continue taking off your +0 shield.
You feel sick.
You finish taking off your +0 shield.
You take 1 damage, and have 15/97 hp.
Wield which item (- for none, * to show all)? (? for menu, Esc to quit)
Really wield
C - a cursed +2 battleaxe of flaming?
Your cursed +2 battleaxe of flaming bursts into flame!
It sticks to your hand!
C - a cursed +2 battleaxe of flaming (weapon)
Drop what? 32/52 slots (_ for help) (? for menu, Esc to quit)
Okay, then.
Adjust (i)tems, (s)pells, or (a)bilities?
Adjust which item? (? for menu, Esc to quit)
C - a cursed +2 battleaxe of flaming (weapon)
Adjust to which letter? (? for menu, Esc to quit)
a - a cursed +2 battleaxe of flaming (weapon)
C - a +0 war axe Setting a skill training target for Axes at 20.0.
Unknown command.
You feel sick.
You take 1 damage, and have 14/97 hp.
You start resting.
You feel sick. x5
You are no longer poisoned.
You start resting.
You hear the steady crackling of a very distant melting archway.
You regained 8 hp, and now have 22/97 hp.
You start resting.
You are feeling very hungry.
You regained 11 hp, and now have 33/97 hp.
You hear the steady crackling of a very distant melting archway.
You hear the quick crackling of a very distant melting archway.
You hear the quick crackling of a very distant melting archway.
You hear the loud crackling of a very distant melting archway.
You are near starving!
You regained 46 hp, and now have 79/97 hp.
You hear the loud crackling of a very distant melting archway.
You hear the loud crackling of a very distant melting archway.
HP restored.
There is a fountain of clear blue water here.
There is a fountain of clear blue water here.
e - a wand of polymorph (10) Health restored: 97 You hear the loud crackling of a very distant melting archway.
There is a fountain of clear blue water here.
A swamp worm comes into view.
A swamp worm is nearby!
A bog body comes into view.
The swamp worm bites you but does no damage.
You slash the swamp worm! You burn the swamp worm.
The swamp worm is moderately wounded.
You barely miss the bog body. The swamp worm bites you.
The bog body hits you but does no damage.
The bog body touches you. The bog body freezes you!
You take 17 damage, and have 80/97 hp.
You closely miss the swamp worm.
The swamp worm is moderately wounded.
You hit the bog body. You burn the bog body. The swamp worm closely misses you.
The bog body hits you but does no damage.
The bog body touches you. The bog body freezes you!
You take 18 damage, and have 62/97 hp.
You are too injured to fight recklessly!
You miss the swamp worm.
The swamp worm is moderately wounded.
You hit the bog body. The swamp worm barely misses you.
The bog body hits you but does no damage.
The bog body misses you.
Your chain mail prevents you from hitting the swamp worm.
The swamp worm is moderately wounded.
You hit the bog body.
The crackling of melting ice is subsiding rapidly.
The swamp worm bites you!
* * * LOW HITPOINT WARNING * * *
The bog body hits you.
* * * LOW HITPOINT WARNING * * *
The bog body touches you but does no damage.
You take 18 damage, and have 44/97 hp.
You barely miss the bog body.
The bog body is moderately damaged.
You slash the swamp worm! You burn the swamp worm.
The swamp worm bites you but does no damage.
The bog body hits you!
* * * LOW HITPOINT WARNING * * *
The bog body barely misses you. The swamp worm bites you!
* * * LOW HITPOINT WARNING * * *
You take 22 damage, and have 22/97 hp.
MASSIVE DAMAGE!!
You barely miss the swamp worm.
The swamp worm is almost dead.
You slash the bog body! You burn the bog body. The swamp worm bites you!
* * * LOW HITPOINT WARNING * * *
The bog body hits you!
You die...
Your body rises from the dead as a mindless zombie.

#P..##### #....#
######..# ##..##
#######.##....# #...#
#.............# ####
##<##
##.####.♣♣♣.#..#####..##
#.## .#.P# ##♣
♣♣♣♣♣♣♣......#### #..#
....# ♣♣♣♣♣♣♣♣♣♣♣♣....#
#.## ....♣
≈♣≈≈≈≈≈♣≈≈≈≈♣♣♣..###.#
#...♣
......w@.......⌠...#.#
...#♣
.♣.♣.♣n♣...♣.[.⌠.....##
##..♣♣
≈≈≈♣♣≈≈≈♣♣♣..####.#
.....♣♣♣♣♣
♣♣♣♣♣♣♣♣♣♣...## ###
##..[....♣ ♣.......##
#######..# ♣.P##...# #
##.## #######.# # ##...#
### ######.#
#####....####.####.##.#.#


You could see a bog body and a swamp worm.

Vanquished Creatures
  Pikel (D:8)
  A black mamba (Lair:2)
  Maurice (D:8)
  A rime drake (Lair:1)
  A komodo dragon (Lair:1)
  2 jumping spiders (Lair:2)
  A merfolk (D:9)
  Grinder (D:4)
  A hippogriff (Lair:1)
  A bog body (Lair:2)
  2 redbacks (Lair:2)
  7 yaks (Lair:1)
  A hungry ghost (D:8)
  A basilisk (Lair:1)
  4 porcupines
  A water moccasin (Lair:1)
  2 slaves (D:8)
  2 black bears (D:9)
  2 sky beasts
  An orc warrior (D:8)
  3 ogres
  2 phantoms
  3 ice beasts
  2 necrophages (D:9)
  2 centaurs
  2 crocodiles (Lair:1)
  2 big kobolds
  6 bullfrogs
  4 scorpions
  6 killer bees (D:9)
  A howler monkey (D:7)
  5 crimson imps
  2 hounds
  3 centaur skeletons
  2 jellies
  5 orc priests
  A bullfrog skeleton (D:8)
  2 iguanas (D:4)
  6 worker ants
  2 orc wizards (D:7)
  A howler monkey zombie (D:7)
  2 worker ant zombies (D:5)
  4 adders
  3 shadow imps
  An ooze (D:3)
  An adder skeleton (D:3)
  2 worms (D:2)
  A dart slug (D:3)
  4 leopard geckos
  48 orcs
  6 giant cockroaches
  7 hobgoblins
  16 jackals
  5 quokkas
  A ball python (D:4)
  9 bats
  4 frilled lizards
  5 goblins
  18 kobolds
  A leopard gecko zombie (D:6)
  6 rats
  2 fungi
242 creatures vanquished.

Vanquished Creatures (collateral kills)
  Harold (D:9)
  An unseen horror (D:9)
  A yak (Lair:1)
  A basilisk (Lair:1)
  A swamp worm (Lair:2)
  2 porcupines
  A water moccasin (Lair:2)
  An ogre (D:10)
  A crocodile (Lair:1)
  2 bullfrogs
  An iguana (D:6)
  A jackal (D:6)
  4 fungi
  A plant (D:9)
19 creatures vanquished.

Vanquished Creatures (others)
  A flying skull (D:9)
  2 yak skeletons (Lair:1)
  A wight (Lair:2)
  A bullfrog skeleton (D:9)
  4 fungi
  4 plants
13 creatures vanquished.

Grand Total: 274 creatures vanquished

Notes
Turn   | Place    | Note
-------+----------+-------------------------------------------
     0 | D:1      | Monsterracer the Hill Orc Gladiator began the quest for the
                  | Orb.
     0 | D:1      | Reached XP level 1. HP: 18/18 MP: 1/1
   238 | D:1      | Reached XP level 2. HP: 23/25 MP: 2/2
   701 | D:1      | Reached skill level 5 in Axes
   794 | D:1      | Reached XP level 3. HP: 31/31 MP: 3/3
  1934 | D:3      | Reached XP level 4. HP: 37/38 MP: 4/4
  1939 | D:3      | Reached skill level 1 in Shields
  2214 | D:3      | Reached skill level 1 in Armour
  2326 | D:3      | Reached XP level 5. HP: 30/45 MP: 5/5
  2442 | D:3      | Reached skill level 6 in Axes
  2678 | D:4      | Found a sacrificial altar of Ru.
  2918 | D:4      | Reached XP level 6. HP: 46/52 MP: 6/6
  2994 | D:4      | Found a staircase to the Ecumenical Temple.
  3019 | Temple   | Entered the Ecumenical Temple
  3026 | Temple   | Became a worshipper of Yredelemnul the Dark
  3176 | D:4      | Noticed Grinder
  3197 | D:4      | Paralysed by Grinder for 7 turns
  3209 | D:4      | Paralysed by Grinder for 2 turns
  3213 | D:4      | Paralysed by Grinder for 4 turns
  3219 | D:4      | HP: 26/52 [Grinder (2)]
  3225 | D:4      | Killed Grinder
  3225 | D:4      | Reached skill level 7 in Axes
  3225 | D:4      | Reached skill level 1 in Invocations
  3225 | D:4      | Reached XP level 7. HP: 24/60 MP: 6/8
  3432 | D:4      | Noticed Sigmund
  3586 | D:5      | Entered Level 5 of the Dungeon
  4109 | D:5      | Reached skill level 8 in Axes
  4258 | D:5      | Reached skill level 5 in Fighting
  4359 | D:5      | Reached * piety under Yredelemnul
  4359 | D:5      | Reached XP level 8. HP: 68/68 MP: 10/10
  4736 | D:6      | Found Bafysale's Jewellery Shop.
  4755 | D:6      | Bought a +3 ring of protection for 273 gold pieces
  4800 | D:6      | Found Simil's Weapon Shop.
  4860 | D:6      | Reached skill level 9 in Axes
  4956 | D:6      | Found a burning altar of Makhleb.
  4973 | D:6      | Found Xeops's Magic Scroll Emporium.
  4977 | D:6      | Bought a scroll of enchant armour for 75 gold pieces
  5203 | D:6      | Found Irext's Gadget Emporium.
  5209 | D:6      | Found a shattered altar of Ashenzari.
  5336 | D:6      | Found a hide-covered altar of Uskayaw.
  5337 | D:6      | Found a white marble altar of Elyvilon.
  5391 | D:6      | Found Neuckeb's Weapon Shoppe.
  5516 | D:6      | Bought a scroll of identify for 20 gold pieces
  5516 | D:6      | Bought a scroll of identify for 20 gold pieces
  5516 | D:6      | Bought a scroll of teleportation for 30 gold pieces
  5531 | D:7      | Found a runed translucent door.
  5531 | D:7      | Noticed a sixfirhy
  5923 | D:7      | HP: 35/70 [poisoned by a scorpion]
  5928 | D:7      | HP: 29/70 [poisoned by a scorpion]
  5933 | D:7      | HP: 26/70 [poisoned by a scorpion]
  5938 | D:7      | HP: 24/70 [poisoned by a scorpion]
  5944 | D:7      | HP: 23/70 [poisoned by a scorpion]
  5952 | D:7      | HP: 22/70 [poisoned by a scorpion]
  5960 | D:7      | HP: 22/70 [poisoned by a scorpion]
  6227 | D:7      | Reached XP level 9. HP: 75/75 MP: 12/12
  6268 | D:7      | Found a bloodstained altar of Trog.
  6272 | D:7      | Reached skill level 10 in Axes
  6272 | D:7      | Reached skill level 5 in Invocations
  6406 | D:7      | Found a glowing golden altar of the Shining One.
  6675 | D:7      | Reached skill level 5 in Shields
  6905 | D:7      | Reached skill level 5 in Armour
  6909 | D:7      | Reached ** piety under Yredelemnul
  7109 | D:8      | Noticed Maurice
  7135 | D:8      | HP: 37/78 [disintegration (7)]
  7150 | D:8      | HP: 17/78 [disintegration (20)]
  7163 | D:8      | HP: 27/78 [disintegration (16)]
  7183 | D:8      | HP: 32/78 [disintegration (1)]
  7193 | D:8      | Killed Maurice
  7202 | D:8      | Noticed Pikel
  7209 | D:8      | HP: 32/78 [kobold (2)]
  7586 | D:8      | Reached skill level 11 in Axes
  7591 | D:8      | Killed Pikel
  7591 | D:8      | Reached XP level 10. HP: 63/86 MP: 14/14
  7801 | D:8      | Found a roughly hewn altar of Beogh.
  7835 | D:8      | HP: 42/86 [orc priest/divine providence (16)]
  7841 | D:8      | HP: 35/86 [ogre/+0 giant club (8)]
  8457 | D:9      | Reached skill level 12 in Axes
  8534 | D:9      | Reached *** piety under Yredelemnul
  8559 | D:9      | HP: 43/87 [killer bee (5)]
  8564 | D:9      | HP: 37/87 [poisoned by a killer bee]
  8569 | D:9      | HP: 33/87 [poisoned by a killer bee]
  8574 | D:9      | HP: 30/87 [poisoned by a killer bee]
  8580 | D:9      | HP: 29/87 [poisoned by a killer bee]
  8586 | D:9      | HP: 28/87 [poisoned by a killer bee]
  8594 | D:9      | HP: 28/87 [poisoned by a killer bee]
  8864 | D:9      | Found a deep blue altar of Sif Muna.
  9114 | D:9      | Received a gift from Yredelemnul (2 flying skulls)
  9152 | D:9      | Noticed Harold
  9153 | D:9      | Found a staircase to the Lair.
  9171 | D:9      | Killed Harold
  9449 | D:9      | HP: 40/88 [something (6)]
  9452 | D:9      | Killed an unseen horror
  9739 | D:9      | Reached XP level 11. HP: 92/94 MP: 17/17
  9936 | D:10     | Entered Level 10 of the Dungeon
  9944 | D:10     | Noticed a cyclops
  9944 | D:10     | HP: 47/94 [ogre/cursed -1 giant club (3)]
  9949 | D:10     | HP: 24/94 [cyclops/large rock (24)]
 10285 | Lair:1   | Entered Level 1 of the Lair of Beasts
 10341 | Lair:1   | Reached skill level 13 in Axes
 11673 | Lair:2   | Found a hole to the Spider Nest.
 11697 | Lair:2   | Reached **** piety under Yredelemnul
 11699 | Lair:2   | Received a gift from Yredelemnul (a wight)
 11969 | Lair:2   | HP: 43/97 [black mamba (14)]
 11975 | Lair:2   | HP: 30/97 [black mamba (2)]
 11980 | Lair:2   | HP: 19/97 [poisoned by a black mamba]
 11986 | Lair:2   | HP: 16/97 [poisoned by a black mamba]
 11992 | Lair:2   | HP: 14/97 [poisoned by a black mamba]
 11998 | Lair:2   | HP: 14/97 [poisoned by a black mamba]
 12006 | Lair:2   | HP: 14/97 [poisoned by a black mamba]
 12370 | Lair:2   | HP: 48/97 [swamp worm (15)]
 12371 | Lair:2   | HP: 22/97 [swamp worm (10)]
 12372 | Lair:2   | HP: 9/97 [swamp worm (13)]
 12372 | Lair:2   | Slain by a bog body

Skill      XL: |  1  2  3  4  5  6  7  8  9 10 11 |
---------------+----------------------------------+-----
Fighting       | 3 4 5 6 7 8 9 |  9.3
Axes           | 5 6 7 8 9 11 12 13 | 13.8
Shields        | 1 2 3 4 6 7 |  7.9
Armour         | 1 2 3 4 5 7 |  7.9
Invocations    | 1 3 4 6 8 9 |  9.0
Throwing       | |  1.7
Dodging        | |  2.4

Action                   |  1- 3 |  4- 6 |  7- 9 | 10-12 || total
-------------------------+-------+-------+-------+-------++-------
Melee: War axe           |   112 |   118 |   409 |   439 ||  1078
       Battleaxe         |       |       |       |     6 ||     6
Throw: Throwing net      |       |     2 |       |       ||     2
Invok: Animate Remains   |       |       |     2 |       ||     2
       Injury Mirror     |       |       |     1 |       ||     1
       Animate Dead      |       |       |       |     4 ||     4
Evoke: Wand              |       |       |     3 |       ||     3
  Use: Scroll            |       |    15 |     5 |     4 ||    24
       Potion            |       |       |     4 |     2 ||     6
 Stab: Held in net/web   |       |     2 |       |       ||     2
       Distracted        |       |       |     1 |     1 ||     2
       Paralysed         |       |       |     2 |       ||     2
  Eat: Chunk             |     3 |     4 |     9 |    14 ||    30
       Ration            |       |       |     2 |     1 ||     3
Armor: Leather armour    |    19 |       |       |       ||    19
       Ring mail         |     6 |       |       |       ||     6
       Chain mail        |    40 |    76 |   242 |   225 ||   583
Dodge: Dodged            |    52 |    26 |    87 |    96 ||   261
Block: Shield            |    25 |    54 |   191 |   234 ||   504

Levels and vault maps discovered:
D:1:      lightli_arrival_flooded_house, layout_basic
D:2:      layout_loops_corners
D:3:      layout_rooms
D:4:      layout_basic, lemuel_crystal_altar, temple_pool_b, first_ration,
          uniq_grinder, uniq_duvessa, uniq_sigmund
D:5:      layout_rooms
D:6:      layout_cave_pools, overflow_temple_1_default, minitemple,
          serial_shops, shop, shop, shop, shop, shop, ashenzari_altar_1
D:7:      cheibrodos_shockbox, layout_basic,
          chequers_temple_overflow_statue_of_worship
D:8:      layout_rooms, special_room [special_room_orc], uniq_pikel,
          uniq_maurice
D:9:      layout_long_grid, kennysheep_little_box, due_lair_maze_entry_diamond,
          hangedman_fish_farm, moated_statue, st_stairs_11,
          minmay_misc_feat_hallway, uniq_harold
D:10:     layout_loops_ring, chequers_avenue, fedhas_altar_2
Temple:   nicolae_temple_no_exploring_needed
Lair:1:   layout_chaotic_city, nicolae_quartered_pool_medium
Lair:2:   layout_loops_ring, nicolae_swamp_entry_splash_gauntlet,
          nicolae_spider_entry_tight_spaces, portal_ice_cave_entry_pillars_2
